 Dungeon Crawl Stone Soup version 0.30-a0-1085-g990a428a5c (webtiles) character file.

Game seed: 4105915597877993445

460 Jeffwins the Shooter (level 7, -1/51 HPs)
             Began as a Human Wanderer on Apr 17, 2023.
             Killed themself with a badly aimed iceblast (10 damage)
             ... on level 5 of the Dungeon.
             The game lasted 00:06:42 (3744 turns).

Jeffwins the Shooter (Human Wanderer)               Turns: 3744, Time: 00:06:43

Health: -1/51      AC: 11    Str: 11    XL:     7   Next: 28%
Magic:  9/9        EV:  9    Int: 13    God:
Gold:   169        SH:  0    Dex: 15    Spells: 8/8 levels left

rFire   . . .      SeeInvis .    a - +0 shortbow
rCold   . . .      Faith    .    (shield currently unavailable)
rNeg    . . .      Spirit   .    c - +0 ring mail
rPois   .          Reflect  .    s - +0 helmet
rElec   .          Rampage  .    j - +0 cloak
rCorr   .                        (no gloves)
Will    .....                    (no boots)
Stlth   ++                       (no amulet)
HPRegen 0.28/turn                O - +4 ring of protection
MPRegen 0.11/turn                (no ring)

@: brilliant
A: no striking features
a: no special abilities


You were on level 5 of the Dungeon.
You visited 1 branch of the dungeon, and saw 5 of its levels.

You collected 244 gold pieces.
You spent 75 gold pieces at shops.


   Skills:
 + Level 2.7 Fighting
 - Level 1.0 Short Blades
 * Level 6.3 Ranged Weapons
 - Level 1.0 Armour
 + Level 2.7 Stealth
 + Level 1.4 Spellcasting
 * Level 3.0 Ice Magic
 - Level 1.0 Invocations
 + Level 2.3 Evocations


You had 8 spell levels left.
You didn't know any spells.
Your spell library contained the following spells:

 Spells                   Type           Power      Damage    Failure   Level
 Simulacrum               Ice/Necr       3%         N/A       100%        6
 Ozocubu's Refrigeration  Ice            6%         4d8       100%        7
 Polar Vortex             Ice            6%         N/A       100%        9

Inventory:

Hand Weapons
 a - a +0 shortbow (weapon)
 b - a +0 short sword
Missiles
 f - 2 poisoned darts
Armour
 c - a +0 ring mail (worn)
 j - a +0 cloak (worn)
 s - a +0 helmet (worn)
Jewellery
 O - a +4 ring of protection (left hand)
Wands
 n - a wand of charming (10)
 u - a wand of flame (34)
 x - a wand of iceblast (4)
Scrolls
 d - a scroll of blinking
 g - 2 scrolls of vulnerability {!r}
 i - 2 scrolls of teleportation {@r4}
 l - 2 scrolls of fear
 p - 2 scrolls of identify {@r1}
 q - a scroll of poison {!r}
 y - a scroll of enchant weapon
Potions
 e - a potion of magic {unknown}
 h - a potion of lignification {unknown}
 k - a potion of invisibility {unknown}
 m - 3 potions of curing {unknown}
 o - a potion of cancellation
 t - a potion of attraction {unknown}
 v - 3 potions of berserk rage {unknown}
 w - 3 potions of might {unknown}
 z - a potion of ambrosia {unknown}
 A - a potion of haste {unknown}
 B - a potion of flight {unknown}

Dungeon Overview and Level Annotations

Branches:
Dungeon (5/15)
 Temple: D:4-7

Altars:
Gozag
Sif Muna
Trog

Shops:
D:1 *   D:3 * D:4

( ## ##########..
.... #.@)..).....
.....####.######....
................. .
.....##.#........
....#...#######.
#.....# ##...##
##.## #.# #.# #


There were no monsters in sight!


Message History

Okay, then.
Aiming: Iceblast
Press: ? - help, Shift-Dir - straight line, f/p - Duvessa
Aim: Duvessa, wielding a +0 short sword and wearing a +0 chain mail (heavily wounded, berserk) That beam is likely to hit you.
Continue anyway?
The mass of ice explodes!
The iceblast engulfs Duvessa.
Duvessa is heavily wounded.
The iceblast engulfs you!
* * * LOW HITPOINT WARNING * * *
Duvessa closely misses you.
Unknown command.
Aiming: Iceblast
Press: ? - help, Shift-Dir - straight line, f/p - Duvessa
Aim: Duvessa, wielding a +0 short sword and wearing a +0 chain mail (heavily wounded, berserk) That beam is likely to hit you.
Continue anyway?
The mass of ice explodes!
The iceblast engulfs Duvessa!
Duvessa is almost dead.
The iceblast engulfs you!
* * * LOW HITPOINT WARNING * * *
Duvessa hits you with a +0 short sword!
* * * LOW HITPOINT WARNING * * *
Duvessa hits you but does no damage.
Aiming: Iceblast
Press: ? - help, Shift-Dir - straight line, f/p - Duvessa
Aim: Duvessa, wielding a +0 short sword and wearing a +0 chain mail (almost dead, berserk) That beam is likely to hit you.
Continue anyway?
The mass of ice explodes!
The iceblast engulfs Duvessa!
You kill Duvessa!
The iceblast engulfs you!
You die...

Skill      XL: |  1  2  3  4  5  6  7 |
---------------+----------------------+-----
Stealth        | 1 2 |  2.7
Fighting       | 2 |  2.7
Ice Magic      | 1 2 3 |  3.0
Ranged Weapons | 6 |  6.3
Spellcasting   | 1 |  1.4
Evocations     | 2 |  2.3
Short Blades   | |  1.0
Armour         | |  1.0
Invocations    | |  1.0

Action                     |  1- 3 |  4- 6 |  7- 9 || total
---------------------------+-------+-------+-------++-------
   Fire: Shortbow          |    97 |   209 |    13 ||   319
  Evoke: Wand              |       |     2 |     5 ||     7
    Use: Scroll            |       |     4 |     1 ||     5
         Potion            |       |       |     3 ||     3
 Armour: Ring mail         |    36 |    66 |     7 ||   109
  Dodge: Dodged            |    25 |    60 |     3 ||    88

Levels and vault maps discovered:
D:1:      beargit_arrival_greenhouse, layout_basic, serial_shops,
          nicolae_shop_tiny_waterfront, grunt_decor_mini_mirrors,
          serial_bayou_pond_c
D:2:      minmay_wonky_spiral, layout_basic, moated_statue,
          hangedman_decor_slide_cut, minmay_tiny_reverse_x, uniq_robin
D:3:      gammafunk_steamed_eel, layout_loops_ring, general_overflow_altar,
          serial_shops, shop
D:4:      layout_basic, nicolae_sif_muna_little_library, bloody_trog,
          serial_shops, shop
D:5:      layout_loops_corners, nemelex_spade_bored_becter,
          nicolae_shop_i_like_big_books, uniq_edmund, uniq_ijyb, uniq_duvessa,
          uniq_menkaure, uniq_blork_the_orc

Notes
Turn   | Place    | Note
-------+----------+-------------------------------------------
     0 | D:1      | Jeffwins the Human Wanderer began the quest for the Orb.
     0 | D:1      | Jeffwins set off with the following items: a +0 shortbow, a
                  | +0 short sword, a +0 ring mail, a scroll of blinking.
     0 | D:1      | Reached XP level 1. HP: 15/15 MP: 1/1
   199 | D:1      | Reached XP level 2. HP: 21/21 MP: 2/2
   471 | D:1      | Reached skill level 1 in Stealth
   472 | D:1      | Found Dicoacz Tuogg's Assorted Antiques.
   489 | D:1      | Reached XP level 3. HP: 26/26 MP: 3/3
  1279 | D:2      | Reached XP level 4. HP: 33/33 MP: 4/4
  1554 | D:2      | Reached skill level 2 in Fighting
  1674 | D:2      | Noticed Robin
  1684 | D:2      | Killed Robin
  1693 | D:2      | Reached skill level 1 in Ice Magic
  2041 | D:3      | Reached XP level 5. HP: 38/38 MP: 5/5
  2135 | D:3      | Found a transporter.
  2213 | D:3      | Reached skill level 2 in Stealth
  2330 | D:3      | Found a transporter.
  2379 | D:3      | Found an opulent altar of Gozag.
  2428 | D:3      | Found Aniquit's Assorted Antiques.
  2445 | D:3      | Bought a fuming cyan potion for 18 gold pieces
  2445 | D:3      | Bought an emerald potion for 18 gold pieces
  2445 | D:3      | Bought a murky clear potion for 18 gold pieces
  2445 | D:3      | Bought a scroll labelled HOT PAHIORAOTO for 21 gold pieces
  2778 | D:3      | Reached skill level 2 in Ice Magic
  2778 | D:3      | Reached XP level 6. HP: 22/44 MP: 5/7
  2877 | D:3      | Reached skill level 6 in Ranged Weapons
  2909 | D:4      | Found Dieph's Antique Weapon Boutique.
  2918 | D:4      | Reached skill level 1 in Spellcasting
  2918 | D:4      | Reached skill level 2 in Evocations
  3332 | D:4      | Found a bloodstained altar of Trog.
  3419 | D:4      | Found a shimmering blue altar of Sif Muna.
  3506 | D:5      | Entered Level 5 of the Dungeon
  3574 | D:5      | Noticed Blork the orc
  3583 | D:5      | Killed Blork the orc
  3584 | D:5      | Reached XP level 7. HP: 36/51 MP: 7/9
  3711 | D:5      | Noticed Duvessa
  3712 | D:5      | Noticed Dowan
  3739 | D:5      | Killed Dowan
  3740 | D:5      | Reached skill level 3 in Ice Magic
  3744 | D:5      | Killed Duvessa
  3744 | D:5      | Killed themself with a badly aimed iceblast

Vanquished Creatures
  Duvessa (D:5)
  Blork the orc (D:5)
  2 electric eels (D:3)
  2 hounds (D:4)
  An iguana (D:4)
  Robin (D:2)
  7 adders
  2 worms
  A dart slug (D:3)
  3 orcs
  8 ball pythons
  6 bats
  7 endoplasms
  2 giant cockroaches (D:1)
  14 goblins
  7 hobgoblins
  10 jackals
  3 quokkas
  12 kobolds
  6 rats
96 creatures vanquished.

Vanquished Creatures (collateral kills)
  Dowan (D:5)
1 creature vanquished.

Vanquished Creatures (others)
  3 plants
3 creatures vanquished.

Grand Total: 100 creatures vanquished

Table legend: (Time is in decaauts)
 A = Elapsed time spent in this place.
 B = Non-inter-level travel time spent in this place.
 C = Inter-level travel time spent in this place.
 D = Time resting spent in this place.
 E = Time spent auto-exploring this place.
 F = Levels seen in this place.
 G = Mean time per level.
                   A        B        C        D        E       F      G
               +--------+--------+--------+--------+--------+-----+--------+
         Total |   3863 |   3728 |    135 |      2 |   3043 |   5 |  772.6 |
       Dungeon |   3863 |   3728 |    135 |      2 |   3043 |   5 |  772.6 |
               +--------+--------+--------+--------+--------+-----+--------+

Top non-repeatable levels by time:
     D:2: 1076 daAuts
     D:1: 1004 daAuts
     D:3: 916 daAuts
     D:4: 619 daAuts
     D:5: 245 daAuts

Table legend:
 A = Non-vault XP
 B = Vault XP
 C = Vault XP percentage of total XP
 D = Non-vault monster count
 E = Vault monster count
 F = Vault count percentage of total count
                 A         B        C        D         E       F
            +---------+---------+-------+---------+---------+-------
      Total |     333 |     460 |  58.0 |      77 |      20 |  20.6
            +---------+---------+-------+---------+---------+-------
        D:1 |      38 |       0 |   0.0 |      21 |       0 |   0.0
        D:2 |      47 |      50 |  51.5 |      22 |      15 |  40.5
        D:3 |      70 |     112 |  61.5 |      16 |       2 |  11.1
        D:4 |     165 |       0 |   0.0 |      17 |       0 |   0.0
        D:5 |      13 |     298 |  95.8 |       1 |       3 |  75.0
            +---------+---------+-------+---------+---------+-------
